 Dungeon Crawl Stone Soup version 0.28-a0-305-g9e858e973b (webtiles) character file.

Game seed: 12347534614373067877

613 bearlyready the Slasher (level 7, -12/52 HPs)
             Began as a Formicid Cinder Acolyte on Aug 29, 2021.
             Was a High Priest of Ignis.
             Mangled by a two-headed ogre (33 damage)
             ... on level 5 of the Dungeon.
             The game lasted 00:10:31 (6383 turns).

bearlyready the Slasher (Formicid Cinder Acolyte)   Turns: 6383, Time: 00:10:32

Health: -12/52     AC:  4    Str: 21    XL:     7   Next: 73%
Magic:  10/10      EV: 11    Int: 19    God:    Ignis [*****.]
Gold:   197        SH:  0    Dex:  6    Spells: 9/10 levels left

rFire   + . .      SeeInvis +   a - -1 falchion (flame)
rCold   . . .      Faith    .   (no shield)
rNeg    . . .      Spirit   .   s - +0 leather armour
rPois   +          Reflect  .   (helmet unavailable)
rElec   .          Harm     .   (no cloak)
rCorr   .          Rampage  .   (no gloves)
Will    .....                   d - +0 pair of boots
Stlth   +.........              (no amulet)
HPRegen 0.17/turn               t - ring of poison resistance
MPRegen 0.12/turn               c - +6 ring of intelligence

@: no status effects
A: permanent stasis, dig shafts and tunnels, antennae 3, four strong arms
a: Dig, Shaft Self, Renounce Religion, Sea of Fire, Foxfire Swarm, Rising Flame


You were on level 5 of the Dungeon.
You worshipped Ignis.
Ignis was extremely pleased with you.
You visited 1 branch of the dungeon, and saw 5 of its levels.

You collected 197 gold pieces.

Inventory:

Hand Weapons
 a - a -1 falchion of flaming (weapon)
 o - a +0 fustibalus
Missiles
 k - 65 stones
 p - 2 throwing nets (quivered)
 r - 3 curare-tipped darts
 u - 15 poisoned darts
 y - 4 boomerangs
Armour
 b - a +0 robe
 d - a +0 pair of boots (worn)
 s - a +0 leather armour (worn)
 x - a +0 plate armour
Jewellery
 c - a +6 ring of intelligence (right hand)
 m - a ring of magical power
 t - a ring of poison resistance (left hand)
Wands
 j - a wand of digging (4)
Scrolls
 e - a scroll of teleportation {unknown}
 f - a scroll of amnesia {unknown}
 g - 2 scrolls of identify {unknown}
 h - 5 scrolls of fear {unknown}
 i - a scroll of holy word {unknown}
 l - 2 scrolls of brand weapon {unknown}
 n - a scroll of magic mapping {unknown}
 q - a scroll of vulnerability {unknown}
 v - a scroll of enchant weapon {unknown}
Potions
 w - a potion of heal wounds


   Skills:
 - Level 3.2 Fighting
 + Level 5.2 Long Blades
 - Level 2.1 Spellcasting
 - Level 4.0 Conjurations
 - Level 4.0 Fire Magic
 + Level 0.0 Evocations


You had 9 spell levels left.
You knew the following spells:

 Your Spells              Type           Power      Damage    Failure   Level
a - Foxfire               Conj/Fire      68%        2x1d7     3%          1

Your spell library contained the following spells:

 Spells                   Type           Power      Damage    Failure   Level
 Manifold Assault         Tloc           1%         N/A       99%         5
 Storm Form               Tmut/Air       0%         N/A       100%        7
 Blink                    Tloc           Unusable   N/A       N/A         2

Dungeon Overview and Level Annotations

Branches:
Dungeon (5/15)             Temple (0/1) D:4

Altars:
Fedhas
Gozag
Kikubaaqudgha
Makhleb
Ru
Trog
The Shining One


Innate Abilities, Weirdness & Mutations

You cannot be hasted, slowed, berserked, paralysed or teleported.
You can dig through walls and to a lower floor.
You have a pair of large antennae on your head. (SInv)
Your four strong arms can wield two-handed weapons with a shield.


Message History

The black bear claws you but does no damage.
Casting: Foxfire (safe; 4% risk of failure)
Press: ? - help, Q - select action, (/) - cycle Dir - look around, f - activate You conjure some foxfire!
The black bear bites you. The black bear claws you. x2
You hit the black bear. You burn the black bear.
You kill the black bear!
Your Spellcasting skill increases to level 2!
Your Conjurations skill increases to level 4!
Your foxfire dissipates!
You see here a +0 plate armour.
x - a +0 plate armour HP restored.
There is an open door here.
You now have 197 gold pieces (gained 7).
y - 4 boomerangs You open the door.
There is an open door here.
Found a stone staircase leading down.
There is a stone staircase leading down here.
Found a stone staircase leading up.
There is a stone staircase leading down here.
You open the door.
There is an open door here.
You open the door.
There is an open door here.
Found a stone staircase leading down.
A two-headed ogre comes into view.
It is wielding a +0 giant spiked club and a +0 giant club.
The two-headed ogre moves out of view.
The two-headed ogre hits you with a +0 giant spiked club!!
The two-headed ogre hits you with a +0 giant club!!
* * * LOW HITPOINT WARNING * * *
You are too injured to fight recklessly!
Okay, then.
Okay, then.
You see here a +2 hat.
There is a stone staircase leading up here.
The two-headed ogre hits you with a +0 giant spiked club!!
Ouch! That really hurt!
You die...

. #.# .##.# ..#.# #.#.#
### #)#.# ## #@# #.#.#
#.
#######O###.#.#########.
.............)........#.
..#####.....#.###...#.'.
+....####.#.###.(.###.
####.# #.....#...# #.
#.## #.....#...###. #..#
#...........## ##.#
#.........#...


You could see a two-headed ogre.

Vanquished Creatures
  Sigmund (D:3)
  A black bear (D:5)
  2 scorpions
  A water moccasin skeleton (D:4)
  A jelly (D:5)
  Ijyb (D:3)
  Robin (D:3)
  3 gnolls (D:3)
  5 adders
  A worm (D:2)
  2 dart slugs (D:1)
  An orc (D:4)
  6 ball pythons
  6 endoplasms
  A giant cockroach (D:3)
  15 goblins
  11 hobgoblins
  3 kobolds
  5 quokkas
  2 bats (D:3)
  5 frilled lizards
  4 rats
78 creatures vanquished.

Vanquished Creatures (others)
  203 foxfires
203 creatures vanquished.

Grand Total: 281 creatures vanquished

Notes
Turn   | Place    | Note
-------+----------+-------------------------------------------
     0 | D:1      | bearlyready the Formicid Cinder Acolyte began the quest for
                  | the Orb.
     0 | D:1      | Reached XP level 1. HP: 18/18 MP: 2/2
   318 | D:1      | Reached XP level 2. HP: 24/24 MP: 3/3
   412 | D:1      | Reached skill level 1 in Conjurations
  1144 | D:1      | Reached XP level 3. HP: 17/29 MP: 1/4
  2253 | D:3      | Reached XP level 4. HP: 35/35 MP: 1/5
  2410 | D:3      | Found a faded altar of an unknown god.
  2419 | D:3      | Noticed Robin
  2452 | D:3      | Killed Robin
  2560 | D:3      | Reached XP level 5. HP: 31/41 MP: 1/6
  2669 | D:3      | Noticed Sigmund
  2723 | D:3      | HP: 2/41 [fell downstairs (1)]
  3598 | D:3      | Noticed Ijyb
  3607 | D:3      | Killed Ijyb
  4082 | D:3      | Killed Sigmund
  4083 | D:3      | Reached skill level 4 in Long Blades
  4083 | D:3      | Reached XP level 6. HP: 39/47 MP: 7/7
  4415 | D:3      | Found an ancient bone altar of Kikubaaqudgha.
  4569 | D:3      | Found an opulent altar of Gozag.
  4953 | D:4      | Reached XP level 7. HP: 45/52 MP: 2/8
  5028 | D:4      | Found a staircase to the Ecumenical Temple.
  5319 | D:4      | Reached skill level 5 in Long Blades
  5594 | D:4      | Found a burning altar of Makhleb.
  5857 | D:4      | Found a blossoming altar of Fedhas.
  5857 | D:4      | Found a glowing golden altar of the Shining One.
  5953 | D:4      | Found a sacrificial altar of Ru.
  5959 | D:4      | Found a bloodstained altar of Trog.
  6095 | D:5      | Entered Level 5 of the Dungeon
  6330 | D:5      | Noticed a two-headed ogre
  6383 | D:5      | Mangled by a two-headed ogre

Illustrated notes

Levels and vault maps discovered:
D:1:      dpeg_arrival_oval, layout_basic, corexii_leaking_fountain
D:2:      layout_loops_cross
D:3:      layout_basic, nicolae_kikubaaqudgha_miasma_corner,
          nicolae_overflow_crystal_walls,
          shapermc_ecumenical_altar_starsandcircs,
          hangedman_abyss_or_decor_stabs, st_stairs_13, serial_park_tiny_1,
          uniq_sigmund, uniq_robin, uniq_ijyb
D:4:      layout_cave_pools, lemuel_doored_altar,
          amethyst_overflow_temple_binary, mainiacjoe_overflow_divided_tiny,
          minmay_temple_entry_drinking_statues, kennysheep_small_spiral
D:5:      layout_basic, roderic_lattice_a, grunt_decor_resistance,
          kennysheep_generic_room_10

Skill      XL: |  1  2  3  4  5  6  7 |
---------------+----------------------+-----
Conjurations   | 1 2 3 4 |  4.0
Fire Magic     | 2 3 4 |  4.0
Long Blades    | 4 5 |  5.2
Spellcasting   | 2 |  2.1
Fighting       | |  3.2

Action                   |  1- 3 |  4- 6 |  7- 9 || total
-------------------------+-------+-------+-------++-------
Melee: Falchion          |    48 |    73 |    23 ||   144
Throw: Dart              |       |     4 |       ||     4
       Throwing net      |       |     2 |       ||     2
 Cast: Foxfire           |    39 |    56 |    13 ||   108
Invok: Foxfire Swarm     |       |     1 |       ||     1
 Abil: Dig               |       |     6 |       ||     6
  Use: Potion            |       |     4 |       ||     4
 Stab: Sleeping          |     1 |       |       ||     1
Armor: Robe              |    16 |    30 |       ||    46
       Leather armour    |       |       |     7 ||     7
Dodge: Dodged            |    30 |    78 |    21 ||   129

Table legend: (Time is in decaauts)
 A = Elapsed time spent in this place.
 B = Non-inter-level travel time spent in this place.
 C = Inter-level travel time spent in this place.
 D = Time resting spent in this place.
 E = Time spent auto-exploring this place.
 F = Levels seen in this place.
 G = Mean time per level.
                   A        B        C        D        E       F      G
               +--------+--------+--------+--------+--------+-----+--------+
         Total |   6406 |   6138 |    268 |    913 |   4251 |   5 | 1281.2 |
       Dungeon |   6406 |   6138 |    268 |    913 |   4251 |   5 | 1281.2 |
               +--------+--------+--------+--------+--------+-----+--------+

Top non-repeatable levels by time:
     D:3: 2091 daAuts
     D:2: 1592 daAuts
     D:1: 1472 daAuts
     D:4: 963 daAuts
     D:5: 286 daAuts
